 Dungeon Crawl Stone Soup version 0.21.0-3-g78d12a8 (webtiles) character file.

1662 komo4ek the Caller (level 9, -1/72 HPs)
             Began as a Human Summoner on Jan 17, 2018.
             Was a Believer of Okawaru.
             Slain by a centaur
             ... wielding the +6 hand axe of Mandamus {chop, rPois rN+ MP+9 Dex+3}
              (14 damage)
             ... on level 7 of the Dungeon.
             The game lasted 00:26:36 (8768 turns).

komo4ek the Caller (Human Summoner)                 Turns: 8768, Time: 00:26:37

Health: -1/72      AC:  8    Str:  9    XL:     9   Next: 20%
Magic:  9/16       EV: 14    Int: 19    God:    Okawaru [**....]
Gold:   283        SH:  0    Dex: 13    Spells: 10/17 levels left

rFire    + . .     SeeInvis .   p - +0 great sword
rCold    . . .     Gourm    .   (shield currently unavailable)
rNeg     + . .     Faith    .   G - +0 leather armour {rPois}
rPois    +         Spirit   .   (no helmet)
rElec    .         Reflect  .   (no cloak)
rCorr    .         Harm     .   P - +0 pair of gloves
MR       .....                  (no boots)
Stlth    ++........             d - amulet of rage
HPRegen  0.22/turn              O - ring of positive energy
MPRegen  0.15/turn              C - +4 ring of protection

@: no status effects
A: blurry vision 1, fire resistance 1, robust 1, screaming 1
a: Heroism, Renounce Religion, Evoke Berserk Rage


You were on level 7 of the Dungeon.
You worshipped Okawaru.
Okawaru was pleased with you.
You were hungry.

You visited 2 branches of the dungeon, and saw 8 of its levels.
You also visited: Sewer.

You collected 283 gold pieces.

Inventory:

Hand Weapons
 f - a +0 mace
 p - a +0 great sword (weapon)
 s - a +0 blowgun
 x - a +1 whip of venom
Missiles
 e - 182 stones (quivered)
 j - 54 bolts
 y - 42 poisoned needles
 K - 80 arrows
 N - 14 sling bullets
Armour
 a - a +0 robe
 n - a +0 pair of gloves
 G - a +0 leather armour of poison resistance (worn)
 P - a +0 pair of gloves (worn)
Magical Staves
 M - an uncursed staff of fire
Jewellery
 d - an amulet of rage (around neck)
 l - an uncursed ring of protection from cold
 m - an uncursed amulet of guardian spirit
 A - a +3 ring of strength
 C - a +4 ring of protection (right hand)
 J - an uncursed ring of see invisible
 L - an uncursed ring of protection from cold
 O - a ring of positive energy (left hand)
Scrolls
 g - 2 scrolls of remove curse {unknown}
 h - 3 scrolls of enchant armour {unknown}
 k - 3 scrolls of teleportation {unknown}
 o - 2 scrolls of magic mapping {unknown}
 q - 4 scrolls of noise {unknown}
 z - a scroll of enchant weapon {unknown}
 D - 3 scrolls of identify {unknown}
 H - a scroll of fear {unknown}
Potions
 i - 2 potions of flight {unknown}
 r - a potion of curing
 t - a potion of cancellation {unknown}
 u - 2 potions of might {unknown}
 v - 4 potions of agility {unknown}
 w - 5 potions of heal wounds {unknown}
 B - a potion of lignification {unknown}
 E - 2 potions of berserk rage {unknown}
 F - a potion of degeneration {unknown}
 I - a potion of brilliance {unknown}
Books
 b - a book of Callings

   Spells                             Type                      Level
   a - Summon Small Mammal            Summoning                    1
   b - Call Imp                       Summoning                    2
   c - Call Canine Familiar           Summoning                    3
   d - Summon Guardian Golem          Hexes/Summoning              3
   e - Summon Lightning Spire         Summoning/Air                4
   f - Summon Ice Beast               Ice/Summoning                4
Comestibles
 c - 12 rations


   Skills:
 + Level 4.7 Fighting
 + Level 4.7 Armour
 + Level 5.3 Dodging
 - Level 2.0 Stealth
 + Level 4.8 Spellcasting
 + Level 6.3 Summonings


You had 10 spell levels left.
You knew the following spells:

 Your Spells              Type           Power        Failure   Level  Hunger
a - Summon Small Mammal   Summ           ####         1%          1    None
b - Call Canine Familiar  Summ           ####....     3%          3    ##.....
c - Summon Guardian Gole  Hex/Summ       ###.....     13%         3    ##.....


Dungeon Overview and Level Annotations

Branches:
Dungeon (7/15)             Temple (1/1) D:5

Altars:
Fedhas
Makhleb
Nemelex Xobeh
Okawaru
Trog
The Shining One

Shops:
D:6 }

Annotations:
D:3 theElss's ghost, novice GrBe


Innate Abilities, Weirdness & Mutations

Scrolls take you a little longer to read.
Your flesh is heat resistant. (rF+)
You are robust. (+10% HP)
You occasionally shout uncontrollably at your foes.


Message History

The centaur is lightly wounded.
The centaur closely misses you.
You riposte.
You hit the centaur.
The centaur is heavily wounded.
The centaur hits your guardian golem but does no damage.
The hound barely misses you. The centaur closely misses you.
You riposte.
You hit the centaur.
The centaur is heavily wounded.
The centaur hits your guardian golem but does no damage.
The hound closely misses you.
You riposte.
You barely miss the hound.
The hound is heavily wounded.
You hit the centaur.
The centaur is severely wounded.
The centaur barely misses you.
The centaur hits your guardian golem but does no damage.
The hound bites you.
* * * LOW HITPOINT WARNING * * *
The hound barely misses you.
The centaur drinks a potion.
The centaur is healed!
The centaur hits you with a faintly glowing hand axe {chop}!
You die...

.#..# #..........#
.##.###..........#
.##...#..........#
..###............##
... ###...........#
##..
#...........#### .
##.
#..............#
####...##8#....#
#...#.#.c@.####
....###....#h#
..........#.#.#
#...........(.# ##.
..#..##.### #.
#....#..# ...# #..#
.. #.#..########
...#...>#.......


You could see a centaur, a hound and a friendly guardian golem.

Vanquished Creatures
  An ice beast (D:6)
  A phantom (D:5)
  An ogre (D:7)
  2 centaurs (D:5)
  5 bullfrogs (D:6)
  Dowan (D:6)
  A wight (D:6)
  A howler monkey (D:5)
  A hound (D:4)
  A jelly (D:6)
  An orc priest (D:5)
  An orc wizard (D:6)
  2 worker ants
  3 gnolls
  2 adders
  A river rat (Sewer)
  An ooze (D:1)
  An adder zombie (D:7)
  An adder skeleton (D:5)
  2 worms
  A dart slug (D:5)
  3 leopard geckos
  10 orcs
  3 ball pythons (Sewer)
  9 bats
  2 giant cockroaches
  2 goblins (D:3)
  3 hobgoblins
  2 jackals (D:6)
  5 kobolds (Sewer)
  A frilled lizard (Sewer)
  A leopard gecko skeleton (D:5)
  7 rats (Sewer)
79 creatures vanquished.

Vanquished Creatures (collateral kills)
  Duvessa (D:6)
  An ice beast (D:6)
  An ogre (D:7)
  A centaur (D:6)
  2 bullfrogs (D:6)
  2 wights (D:6)
  A howler monkey (D:2)
  2 hounds
  An orc priest (D:6)
  4 orc wizards
  An iguana (D:4)
  2 worker ants
  7 gnolls
  2 river rats (Sewer)
  6 adders
  5 worms
  2 dart slugs (D:2)
  2 leopard geckos (D:3)
  8 orcs
  5 giant cockroaches
  2 goblins
  A hobgoblin (D:1)
  2 jackals (D:6)
  2 ball pythons (Sewer)
  A bat (D:2)
  2 frilled lizards
  12 kobolds
  17 rats
95 creatures vanquished.

Grand Total: 174 creatures vanquished

Notes
Turn   | Place    | Note
-------+----------+-------------------------------------------
     0 | D:1      | komo4ek the Human Summoner began the quest for the Orb.
     0 | D:1      | Reached XP level 1. HP: 13/13 MP: 3/3
   404 | D:1      | Reached XP level 2. HP: 20/20 MP: 5/5
  1112 | D:2      | Noticed a howler monkey
  1138 | D:2      | Killed a howler monkey
  1138 | D:2      | Reached skill level 1 in Fighting
  1138 | D:2      | Reached skill level 1 in Armour
  1138 | D:2      | Reached XP level 3. HP: 4/26 MP: 3/6
  1458 | D:2      | Learned a level 3 spell: Call Canine Familiar
  1467 | D:2      | Reached XP level 4. HP: 32/32 MP: 3/7
  2314 | D:3      | Found a glowing drain.
  2434 | Sewer    | Entered a sewer
  2486 | Sewer    | Reached XP level 5. HP: 23/37 MP: 2/8
  2979 | Sewer    | Gained mutation: Your flesh is heat resistant. (rF+) [potion of mutation]
  2979 | Sewer    | Gained mutation: You occasionally shout uncontrollably at your foes. [potion of mutation]
  2979 | Sewer    | Gained mutation: Scrolls take you a little longer to read. [potion of mutation]
  2979 | Sewer    | Gained mutation: You are robust. (+10% HP) [potion of mutation]
  3870 | D:3      | Noticed theElss's ghost (novice GrBe)
  4049 | D:3      | Found a sparkling altar of Nemelex Xobeh.
  4651 | D:4      | Learned a level 3 spell: Summon Guardian Golem
  4683 | D:4      | Found a burning altar of Makhleb.
  4720 | D:4      | Reached XP level 6. HP: 27/48 MP: 10/10
  5204 | D:5      | Entered Level 5 of the Dungeon
  5576 | D:5      | Noticed a phantom
  5637 | D:5      | Reached skill level 5 in Summonings
  5637 | D:5      | Reached XP level 7. HP: 27/56 MP: 5/12
  5825 | D:5      | Found a staircase to the Ecumenical Temple.
  5833 | Temple   | Entered the Ecumenical Temple
  5839 | Temple   | Became a worshipper of Warmaster Okawaru
  6591 | D:6      | Reached * piety under Okawaru
  6630 | D:6      | Reached XP level 8. HP: 55/63 MP: 9/13
  6803 | D:6      | Found Ugiahap's Gadget Shoppe.
  6963 | D:6      | Reached ** piety under Okawaru
  7439 | D:6      | Noticed Duvessa
  7458 | D:6      | Noticed Dowan
  7493 | D:6      | Killed Duvessa
  7529 | D:6      | Killed Dowan
  7658 | D:6      | Reached skill level 6 in Summonings
  8071 | D:6      | Reached skill level 5 in Dodging
  8096 | D:6      | Reached XP level 9. HP: 53/72 MP: 10/15
  8768 | D:7      | Identified the +6 hand axe of Mandamus {chop, rPois rN+ MP+9 Dex+3}
  8768 | D:7      | Slain by a centaur

Skill      XL: |  1  2  3  4  5  6  7  8 |
---------------+-------------------------+-----
Fighting       | 1 2 3 4 |  4.7
Armour         | 1 2 3 4 |  4.7
Dodging        | 3 4 5 |  5.3
Spellcasting   | 3 4 |  4.8
Summonings     | 5 6 |  6.3
Stealth        | |  2.0

Action                   |  1- 3 |  4- 6 |  7- 9 || total
-------------------------+-------+-------+-------++-------
Melee: Mace              |    24 |    24 |       ||    48
       Unarmed           |     4 |       |       ||     4
       Great sword       |       |    67 |   162 ||   229
 Fire: Blowgun           |       |   104 |       ||   104
 Cast: Summon Small Mamm |    20 |       |       ||    20
       Call Canine Famil |     1 |    30 |    38 ||    69
       Summon Guardian G |       |     1 |     6 ||     7
  Use: Potion            |       |     3 |     2 ||     5
 Stab: Distracted        |     2 |     1 |     1 ||     4
       Sleeping          |       |     3 |       ||     3
  Eat: Chunk             |     1 |     7 |    10 ||    18
       Ration            |       |     3 |     1 ||     4
Armor: Robe              |     8 |    59 |    59 ||   126
       Leather armour    |       |       |     8 ||     8
Dodge: Dodged            |    36 |   160 |   179 ||   375
       Rpst.: Great sword |       |    21 |    56 ||    77
